 Dungeon Sprint DCSS version 0.31-a0-799-g6bc09d010c (webtiles) character file.

Game seed: 1263956337179037226

228 sircluck the Ruffian (level 5, -2/88 HPs)
             Began as a Troll Berserker on Sept 19, 2023.
             Was an Elder of Trog.
             Incinerated by a deep elf pyromancer (4 damage)
             ... with a sticky flame
             ... in the Dungeon (Sprint III: "The Ten Rune Challenge").
             The game lasted 00:00:33 (292 turns).

sircluck the Ruffian (Troll Berserker)               Turns: 292, Time: 00:00:34

Health: -2/88      AC:  4    Str: 27    XL:     5   Next: 71%
Magic:  4/4        EV: 11    Int:  3    God:    Trog [****..]
Gold:   11         SH:  0    Dex:  9    Spells: 4/4 levels left

rFire   . .          .
                       - Unarmed
rCold   . . .        (no shield)
rNeg    . . .        a - +0 animal skin
rPois   .            (helmet restricted)
rElec   .            (no cloak)
rCorr   .            (gloves unavailable)
SInv    .            (boots unavailable)
Will    .....        (no amulet) Stlth
                     (no ring)
HPRegen 1.14/turn    (no ring)
MPRegen 0.09/turn

%: no teleportation
@: berserking, on fire, glowing, very quick
A: large, unfitting armour, claws 3, regeneration 1, shaggy fur 1, tough skin 1
a: Renounce Religion, Berserk, Trog's Hand, Brothers in Arms


You were in the Dungeon.
You worshipped Trog.
Trog was greatly pleased with you.
You visited 1 branch You collected 11 gold pieces.

Inventory:

Armour
 a - a +0 animal skin (worn)
Wands
 m - a wand of quicksilver (11)
Scrolls
 g - a scroll of blinking
 h - a scroll of amnesia {unknown}
 j - 2 scrolls of poison {unknown}
 k - 3 scrolls of identify
Potions
 b - a potion of curing
 c - a potion of heal wounds
 d - a potion of haste
 e - 2 potions of magic
 f - a potion of berserk rage
 i - 5 potions of mutation
 l - 2 potions of enlightenment {unknown}


   Skills:
 + Level 6.3 Fighting
 + Level 6.2 Dodging
 + Level 7.5 Unarmed Combat


You had 4 spell levels left.
You didn't know any spells.
Your spell library was empty.

Dungeon Overview and Level Annotations

Branches:
Dungeon (1/1)

Altars:
Dithmenos
Elyvilon
Kikubaaqudgha
Ru
Sif Muna
Vehumet
Yredelemnul
Zin
The Shining One


Innate Abilities, Weirdness & Mutations

You are too large for most types of armour.
You have claws for hands.
Your natural rate of healing is unusually fast.
You are covered in fur. (AC +1)
You have tough skin. (AC +1)


Message History

The deep elf pyromancer gestures at you while chanting.
The sticky flame hits you.
You are covered in liquid flames!
You scratch the deep elf pyromancer.
The deep elf pyromancer is lightly wounded.
You are covered in liquid flames!
The deep elf pyromancer gestures wildly while chanting.
You closely miss the deep elf pyromancer.
The deep elf pyromancer is lightly wounded.
You are covered in liquid flames!
The deep elf pyromancer hits you with a +0 long sword of holy wrath!
The fire elemental barely misses you.
You barely miss the deep elf pyromancer.
Your claw misses the deep elf pyromancer.
The deep elf pyromancer is lightly wounded.
You are covered in liquid flames!
The deep elf pyromancer points at you and mumbles some strange words.
The sticky flame hits you!
You are covered in liquid flames!
The fire elemental hits you. The fire elemental burns you!
* * * LOW HITPOINT WARNING * * *
You are too injured to fight recklessly!
You are too injured to fight recklessly!
You are too injured to fight recklessly!
You are too injured to fight recklessly!
You are too injured to fight recklessly!
You are too injured to fight recklessly!
You are too injured to fight recklessly!
A red film seems to cover your vision as you go berserk!
You feel yourself moving faster!
You feel mighty!
You are covered in liquid flames!
* * * LOW HITPOINT WARNING * * *
The deep elf pyromancer hits you with a +0 long sword of holy wrath.
* * * LOW HITPOINT WARNING * * *
The fire elemental hits you. The fire elemental burns you!
* * * LOW HITPOINT WARNING * * *
You mangle the deep elf pyromancer!!
The deep elf pyromancer is almost dead.
You are covered in liquid flames!
You die...

▓▓▓▓▓▓▓ ▓▓▓ '.....♣♣
♣.##### #### #......♣
♣.#___# #__# #....♣.♣
♣.#!..# #._#
#....~♣♣♣♣♣.###'#+###)##
#...~~♣...♣.#...@E.....#
#†.~~~~♣..♣.'.⌠..e.....#
#..~≈≈~~~...#...######+#
#.~~≈~~~....#.⌠.#
#.~≈~~~.....#)..#
#.~~~.......#'###
#...........#)::#
.....†......#___#
▓▓▓▓▓▓▓▓▓▓▓▓▓▓▓▓▓


You could see a deep elf pyromancer and a fire elemental (summoned).

Vanquished Creatures
  A water elemental (D)
  A necrophage (D)
  A wizard (D)
  A necromancer (D)
  A human (D)
  A kobold demonologist (D)
  A wolf (D)
  2 endoplasms (D)
  2 rats (D)
11 creatures vanquished.

Notes
Turn   | Place    | Note
-------+----------+-------------------------------------------
     0 | D        | sircluck the Troll Berserker began the quest for the Orb.
     0 | D        | Reached XP level 1. HP: 22/22 MP: 0/0
    13 | D        | Reached ** piety under Trog
    40 | D        | Reached skill level 4 in Unarmed Combat
    40 | D        | Reached XP level 2. HP: 18/31 MP: 1/1
    54 | D        | Reached XP level 3. HP: 28/39 MP: 2/2
    82 | D        | Noticed a water elemental
    88 | D        | Killed a water elemental
    88 | D        | Reached *** piety under Trog
    89 | D        | Reached skill level 5 in Unarmed Combat
    89 | D        | Reached XP level 4. HP: 49/49 MP: 3/3
   214 | D        | Found a radiant altar of Vehumet.
   214 | D        | Found a shimmering blue altar of Sif Muna.
   214 | D        | Found an ancient bone altar of Kikubaaqudgha.
   214 | D        | Noticed a wizard
   225 | D        | Reached skill level 5 in Fighting
   225 | D        | Reached skill level 5 in Dodging
   225 | D        | Reached skill level 6 in Unarmed Combat
   225 | D        | Killed a wizard
   226 | D        | Reached XP level 5. HP: 51/57 MP: 4/4
   241 | D        | Found a basalt altar of Yredelemnul.
   241 | D        | Found a shadowy altar of Dithmenos.
   241 | D        | Found a sacrificial altar of Ru.
   245 | D        | Reached **** piety under Trog
   246 | D        | Reached skill level 7 in Unarmed Combat
   285 | D        | Found a glowing silver altar of Zin.
   285 | D        | Found a glowing golden altar of the Shining One.
   285 | D        | Found a white marble altar of Elyvilon.
   286 | D        | Noticed a deep elf pyromancer
   289 | D        | Noticed a fire elemental
   291 | D        | HP: 2/88 [fire elemental[a deep elf pyromancer] (10)]
   292 | D        | Incinerated by a deep elf pyromancer

Illustrated notes

Levels and vault maps discovered:
D:        dungeon_sprint_mu [sprint_mu_entry_forest, sprint_mu_temple_rooms,
          sprint_mu_d1_spiders, sprint_mu_d2_genie, sprint_mu_d3_branching,
          sprint_mu_orc_legion, sprint_mu_elf_gauntlet, sprint_mu_hive_nellie,
          sprint_mu_lair_fedhas, sprint_mu_vaults_butterflies,
          sprint_mu_slime_circle, sprint_mu_swamp_cave, sprint_mu_snake_twists,
          sprint_mu_blade_basic, sprint_mu_crypt_lich, sprint_mu_tomb_spiral,
          sprint_mu_vestibule_basic, sprint_mu_gehenna_hellfire,
          sprint_mu_dis_giant, sprint_mu_tartarus_statrot,
          sprint_mu_cocytus_islands, sprint_mu_zot1]

Skill      XL: |  1  2  3  4  5 |
---------------+----------------+-----
Fighting       | 3 4 5 6 |  6.3
Dodging        | 3 4 5 6 |  6.2
Unarmed Combat | 4 5 6 7 |  7.5

Action                     |  1- 3 |  4- 6 || total
---------------------------+-------+-------++-------
  Melee: Unarmed           |    22 |    23 ||    45
         Punch             |     1 |     1 ||     2
 Invoke: Berserk           |     1 |     1 ||     2
   Stab: Sleeping          |     2 |       ||     2
 Armour: Animal skin       |    10 |    17 ||    27
  Dodge: Dodged            |    11 |     9 ||    20

Table legend: (Time is in decaauts)
 A = Elapsed time spent in this place.
 B = Non-inter-level travel time spent in this place.
 C = Inter-level travel time spent in this place.
 D = Time resting spent in this place.
 E = Time spent auto-exploring this place.
 F = Levels seen in this place.
 G = Mean time per level.
                   A        B        C        D        E       F      G
               +--------+--------+--------+--------+--------+-----+--------+
         Total |    302 |    302 |      0 |    157 |     29 |   1 |  302.0 |
       Dungeon |    302 |    302 |      0 |    157 |     29 |   1 |  302.0 |
               +--------+--------+--------+--------+--------+-----+--------+

Top non-repeatable levels by time:
       D: 302 daAuts
